AoeStats
← Cirdla

Highland

503815531Analyzed
4v4 RM · 1mo ago on Sep 2, 2026· 70m 2s· 8 players
Game mode
Random Map
Map size
Large (8 player)
Population
200
Speed
Normal
Resources
Standard
Victory
Conquest
Starting age
Dark Age
Ending age
Imperial Age
RankedLock teamsTeams togetherTeam positionsShared explorationLock speedFull tech treeHidden civsTurbo modeCheats
Victory
Defeat
🇬🇧 Romans · United Kingdom
1054
+13
🇸🇪 Romans · Sweden
1050
+13
🇸🇪 Chinese · Sweden
990
+16
🇫🇷 Franks · France
917
+19
🇨🇳 Saracens · China
1022
-17
1012
-16
🇨🇳 Poles · China
995
-16
🇵🇭 Huns · Philippines
920
-12
wuyu
11:10 Feudal Age
17:48 Castle Age
16:22 Double-Bit Axe
17:00 Horse Collar
21:45 Wheelbarrow
21:52 Scale Barding Armor
21:58 Forging
22:39 Bow Saw
26:04 Heavy Plow
30:19 Imperial Age
28:46 Hand Cart
29:08 Chain Barding Armor
29:41 Iron Casting
29:07 Stone Mining
29:09 Gold Mining
29:42 Town Watch
30:13 Bloodlines
30:04 Husbandry
31:42 Gold Shaft Mining
32:09 Blast Furnace
32:00 Treadmill Crane
33:13 Ballistics
33:50 Plate Barding Armor
34:34 Conscription
36:26 Chemistry
36:05 Fletching
36:30 Masonry
36:32 Fortified Wall
37:58 Bodkin Arrow
38:12 Town Patrol
41:39 Bracer
42:49 Light Cavalry
43:45 Hussar
52:30 Bimaristan
51:41 Elite Mameluke
Cirdla
1:43 Loom
12:11 Feudal Age
13:33 Wheelbarrow
12:39 Horse Collar
12:48 Double-Bit Axe
12:59 Gold Mining
13:57 Stone Mining
14:59 Town Watch
17:07 Man-at-Arms
19:31 Bloodlines
29:12 Castle Age
30:45 Forging
30:41 Scale Barding Armor
33:00 Castle Age
43:07 Heavy Plow
43:57 Light Cavalry
44:37 Husbandry
47:10 Hand Cart
48:37 Gold Shaft Mining
48:16 Bow Saw
50:27 Town Patrol
53:55 Imperial Age
52:21 Elite Skirmisher
53:07 Thumb Ring
53:05 Husbandry
54:11 Town Patrol
59:25 Two-Man Saw
61:13 Fletching
61:23 Padded Archer Armor
64:48 Bodkin Arrow
410167949
10:02 Feudal Age
10:38 Double-Bit Axe
12:01 Horse Collar
18:45 Castle Age
20:58 Wheelbarrow
20:12 Loom
20:14 Town Watch
21:52 Gold Mining
22:45 Szlachta Privileges
25:17 Bow Saw
26:58 Bloodlines
31:53 Imperial Age
29:47 Heavy Plow
31:21 Hand Cart
31:10 Town Patrol
31:56 Forging
31:52 Scale Barding Armor
32:25 Husbandry
34:20 Crop Rotation
34:20 Cavalier
35:44 Conscription
35:37 Murder Holes
36:05 Ballistics
35:27 Treadmill Crane
35:57 Masonry
39:38 Fletching
39:48 Padded Archer Armor
40:24 Herbal Medicine
41:19 Iron Casting
41:05 Chain Barding Armor
40:44 Elite Skirmisher
41:30 Thumb Ring
46:29 Blast Furnace
45:04 Light Cavalry
48:17 Bodkin Arrow
48:38 Leather Archer Armor
48:26 Winged Hussar
48:35 Winged Hussar
59:56 Stone Mining
重生之我在帝国
11:20 Feudal Age
18:47 Castle Age
17:43 Horse Collar
17:49 Double-Bit Axe
17:57 Stone Mining
19:28 Loom
20:41 Gold Mining
24:34 Bow Saw
24:26 Heavy Plow
24:54 Fletching
28:16 Wheelbarrow
33:13 Imperial Age
32:12 Hand Cart
31:49 Town Watch
32:33 Padded Archer Armor
32:31 Bodkin Arrow
32:45 Town Patrol
35:34 Bracer
38:20 Leather Archer Armor
38:18 Forging
38:14 Scale Barding Armor
37:31 Light Cavalry
38:12 Husbandry
37:37 Elite Elephant Archer
38:49 Ballistics
39:30 Chemistry
39:36 Fortified Wall
39:38 Masonry
41:43 Conscription
44:48 Iron Casting
44:33 Chain Barding Armor
46:57 Caravan
47:19 Medical Corps
66:31 Blast Furnace
Scott678
9:05 Loom
11:18 Feudal Age
12:02 Man-at-Arms
13:47 Scale Mail Armor
14:01 Forging
18:45 Double-Bit Axe
21:30 Castle Age
21:52 Horse Collar
22:10 Long Swordsman
23:44 Heavy Plow
23:57 Bow Saw
24:09 Chain Mail Armor
24:18 Gold Mining
26:28 Iron Casting
26:28 Fletching
26:53 Pikeman
32:17 Bodkin Arrow
37:50 Imperial Age
35:25 Fishing Lines
36:27 Squires
38:11 Halberdier
40:32 Blast Furnace
40:41 Wheelbarrow
40:58 Heavy Scorpion
41:23 Legionary
44:07 Ballistas
51:19 Hand Cart
50:52 Town Watch
52:51 Capped Ram
54:00 Conscription
54:03 Comitatenses
53:05 Elite Centurion
55:51 Crop Rotation
54:57 Sappers
68:10 Padded Archer Armor
68:16 Scale Barding Armor
69:06 Gold Shaft Mining
68:22 Stone Mining
GROS
13:30 Feudal Age
20:22 Castle Age
20:40 Castle Age
18:43 Double-Bit Axe
18:51 Stone Mining
19:46 Gold Mining
20:04 Scale Barding Armor
20:10 Forging
22:28 Husbandry
22:46 Bow Saw
26:34 Gold Shaft Mining
32:23 Imperial Age
30:27 Squires
30:51 Pikeman
31:16 Arson
32:52 Halberdier
39:18 Scale Mail Armor
40:34 Chemistry
39:55 Ballistics
39:31 Murder Holes
40:46 Elite Throwing Axeman
40:55 Elite Throwing Axeman
41:56 #83
42:23 Chain Mail Armor
Shusai
0:30 Loom
11:01 Feudal Age
17:01 Castle Age
15:04 Double-Bit Axe
20:07 Pikeman
21:24 Horse Collar
22:14 Heavy Plow
26:24 Wheelbarrow
26:26 Bow Saw
27:50 Fletching
29:29 Bodkin Arrow
29:35 Padded Archer Armor
30:13 Thumb Ring
31:23 Hand Cart
32:27 Ballistics
33:24 Leather Archer Armor
33:10 Scale Mail Armor
32:34 Elite Skirmisher
33:23 Squires
33:23 Murder Holes
33:40 Masonry
33:43 Forging
35:48 Gold Mining
37:10 Chain Mail Armor
37:30 Iron Casting
40:40 Imperial Age
42:41 Conscription
42:10 Halberdier
42:54 Bracer
47:38 Chemistry
47:10 Ring Archer Armor
47:11 Plate Mail Armor
52:25 Heavy Rocket Cart
56:22 Two-Man Saw
59:28 Blast Furnace
THAI-MING
10:30 Feudal Age
11:09 Double-Bit Axe
11:09 Horse Collar
11:21 Gold Mining
13:03 Loom
20:14 Castle Age
21:04 Wheelbarrow
23:00 Bow Saw
22:52 Heavy Plow
23:41 Gold Shaft Mining
23:34 Hand Cart
23:14 Stone Mining
26:24 Man-at-Arms
26:26 Pikeman
27:07 Squires
27:09 Scale Mail Armor
27:20 Forging
27:17 Long Swordsman
28:55 Chain Mail Armor
30:42 Iron Casting
35:14 Imperial Age
35:36 Scale Barding Armor
36:31 Crop Rotation
37:04 Blast Furnace
35:26 Legionary
35:26 Halberdier
36:17 Halberdier
37:20 Chain Barding Armor
38:22 Capped Ram
39:57 Murder Holes
40:26 Ballistics
41:07 Chemistry
40:19 Masonry
40:05 Siege Ram
49:53 Architecture
49:29 Siege Engineers
51:05 Fletching
51:17 Padded Archer Armor
51:40 Conscription
51:42 Comitatenses
51:47 Conscription
51:48 Comitatenses
52:48 Heavy Scorpion
68:36 Ballistas
69:55 Plate Barding Armor
Connection lost

Rejoining the realm…

Still unreachable

The connection could not be restored.

Session expired

The server has moved on; the page needs a fresh start.